 Dungeon Crawl Stone Soup version 0.29-a0-321-gf1c400731a (webtiles) character file.

Game seed: 7042694034756215389

44 kae the Firebug (level 3, -3/20 HPs)
             Began as a Tengu Fire Elementalist on Apr 4, 2022.
             Slain by Sigmund
             ... wielding a +6 scythe of flaming
              (4 damage)
             ... on level 2 of the Dungeon.
             The game lasted 00:00:49 (1935 turns).

kae the Firebug (Tengu Fire Elementalist)           Turns: 1935, Time: 00:00:50

Health: -3/20      AC:  2    Str:  8    XL:     3   Next: 60%
Magic:  7/7        EV: 12    Int: 17    God:
Gold:   40         SH:  0    Dex: 14    Spells: 0/6 levels left

rFire   . . .      SeeInvis .   e - +0 short sword
rCold   . . .      Faith    .   (no shield)
rNeg    . . .      Spirit   .   a - +0 robe
rPois   .          Reflect  .   (helmet restricted)
rElec   .          Harm     .   (no cloak)
rCorr   .          Rampage  .   (no gloves)
Will    .....                   (boots unavailable)
Stlth   ++........              (no amulet)
HPRegen 0.06/turn               (no ring)
MPRegen 0.10/turn               (no ring)

@: very slightly contaminated
A: beak, talons 3
a: no special abilities


You were on level 2 of the Dungeon.
You visited 1 branch of the dungeon, and saw 2 of its levels.

You collected 40 gold pieces.

Inventory:

Hand Weapons
 e - a +0 short sword (weapon)
Armour
 a - a +0 robe (worn)
Scrolls
 c - 4 scrolls of identify {unknown}
 d - a scroll of teleportation {unknown}
 f - a scroll of blinking {unknown}
 j - a scroll of magic mapping {unknown}
Potions
 g - a potion of haste {unknown}
 h - a potion of flight {unknown}
 i - a potion of invisibility {unknown}


   Skills:
 + Level 0.7 Fighting
 + Level 1.0 Armour
 + Level 2.5 Dodging
 - Level 2.0 Stealth
 + Level 2.3 Spellcasting
 + Level 1.9 Conjurations
 * Level 3.9 Fire Magic


You couldn't memorise any spells.
You knew the following spells:

 Your Spells              Type           Power      Damage    Failure   Level
a - Foxfire               Conj/Fire      44%        2x1d6     5%          1
b - Scorch                Fire           30%        2d7       5%          2
c - Conjure Flame         Conj/Fire      11%        6-21      17%         3

Your spell library contained the following spells:

 Spells                   Type           Power      Damage    Failure   Level
 Inner Flame              Hex/Fire       8%         N/A       26%         3
 Flame Wave               Conj/Fire      11%        2d5       50%         4


Dungeon Overview and Level Annotations

Branches:
Dungeon (2/15)

Altars:

Annotations:
D:2 Sigmund


Innate Abilities, Weirdness & Mutations

You have a beak for a mouth.
You have claws for feet.


Message History

The magic dart hits you!
Sigmund is nearby!
Casting: Foxfire (safe; 5% risk of failure)
Confirm with . or Enter, or press ? or * to list all spells.
You conjure some foxfire!
Sigmund points at you and mumbles some strange words.
The magic dart hits you.
The foxfire hits Sigmund.
Sigmund is moderately wounded.
Sigmund is nearby!
Casting: Foxfire (safe; 5% risk of failure)
Confirm with . or Enter, or press ? or * to list all spells.
You conjure some foxfire!
The foxfire hits Sigmund.
Sigmund is moderately wounded.
The foxfire hits Sigmund.
Sigmund is heavily wounded.
Casting: Foxfire (safe; 5% risk of failure)
Confirm with . or Enter, or press ? or * to list all spells.
You conjure some foxfire!
Sigmund closely misses you.
The foxfire hits Sigmund.
Sigmund is severely wounded.
The foxfire hits Sigmund but does no damage.
Sigmund is severely wounded.
Casting: Foxfire (safe; 5% risk of failure)
Confirm with . or Enter, or press ? or * to list all spells.
You conjure some foxfire!
Sigmund barely misses you.
The foxfire hits Sigmund but does no damage.
Sigmund is severely wounded.
Sigmund completely misses you.
Casting: Foxfire (safe; 5% risk of failure)
Confirm with . or Enter, or press ? or * to list all spells.
You miscast Scorch.
You are very lightly contaminated with residual magic.
Nothing appears to happen.
Magic courses through your body.
Sigmund hits you from afar with a +6 scythe of flaming!
* * * LOW HITPOINT WARNING * * *
Sigmund burns you.
You die...

## .# .#################
.................#
.###############.#
.......####....#@#
...............#..@.....
...###.####....#........
...###'####....#........
..........#....#........
#.........###)##........
..........###'##'#####..
##...)....#........# .#
.+........'........#


You could see Sigmund.

Vanquished Creatures
  An adder (D:2)
  A worm (D:2)
  3 endoplasms
  4 goblins (D:1)
  3 hobgoblins
  7 ball pythons
  2 bats (D:1)
  A frilled lizard (D:1)
  6 kobolds
28 creatures vanquished.

Vanquished Creatures (others)
  87 foxfires
87 creatures vanquished.

Grand Total: 115 creatures vanquished

Notes
Turn   | Place    | Note
-------+----------+-------------------------------------------
     0 | D:1      | kae the Tengu Fire Elementalist began the quest for the
                  | Orb.
     0 | D:1      | Reached XP level 1. HP: 10/10 MP: 4/4
   306 | D:1      | Reached XP level 2. HP: 12/15 MP: 4/6
   996 | D:1      | Reached XP level 3. HP: 20/20 MP: 5/7
   999 | D:1      | Learned a level 2 spell: Scorch
  1003 | D:1      | Learned a level 3 spell: Conjure Flame
  1561 | D:2      | Found a faded altar of an unknown god.
  1770 | D:2      | Reached skill level 1 in Armour
  1923 | D:2      | Noticed Sigmund
  1935 | D:2      | HP: 1/20 [Sigmund/+6 scythe of flaming (8)]
  1935 | D:2      | Slain by Sigmund

Illustrated notes

Levels and vault maps discovered:
D:1:      dpeg_arrival_ternary, layout_loops_ring, minmay_heptomino_o4
D:2:      wander_river, layout_basic, shapermc_ecumenical_altar_mp_highgroup,
          minmay_fractal_squares_gapless_5, uniq_sigmund

Skill      XL: |  1  2  3 |
---------------+----------+-----
Armour         | 1 |  1.0
Fighting       | |  0.7
Dodging        | |  2.5
Stealth        | |  2.0
Spellcasting   | |  2.3
Conjurations   | |  1.9
Fire Magic     | |  3.9

Action                   || total
-------------------------++-------
Melee: Unarmed           ||    13
       Peck              ||     2
       Kick              ||     4
       Punch             ||     1
       Short sword       ||     6
 Cast: Foxfire           ||    50
  Use: Potion            ||     1
 Stab: Sleeping          ||     1
Armor: Robe              ||     4
Dodge: Dodged            ||    22

Table legend: (Time is in decaauts)
 A = Elapsed time spent in this place.
 B = Non-inter-level travel time spent in this place.
 C = Inter-level travel time spent in this place.
 D = Time resting spent in this place.
 E = Time spent auto-exploring this place.
 F = Levels seen in this place.
 G = Mean time per level.
                   A        B        C        D        E       F      G
               +--------+--------+--------+--------+--------+-----+--------+
         Total |   1934 |   1920 |     14 |      0 |   1718 |   2 |  967.0 |
       Dungeon |   1934 |   1920 |     14 |      0 |   1718 |   2 |  967.0 |
               +--------+--------+--------+--------+--------+-----+--------+

Top non-repeatable levels by time:
     D:1: 1214 daAuts
     D:2: 720 daAuts
